Map: Flashback EE

Players

MrFercho

  • Race: Zerg Zerg
  • League: Silver
  • Spawn Location: 7:00

TATORREA

  • Race: Protoss Protoss
  • League: Silver
  • Spawn Location: 7:00

tigro

  • Race: Terran Terran
  • League: Bronze
  • Spawn Location: 7:00

velcroktty - Winner!

  • Race: Protoss Protoss
  • Spawn Location: 9:00

BaronVonBon - Winner!

  • Race: Protoss Protoss
  • Spawn Location: 11:00

ANGEL - Winner!

  • Race: Protoss Protoss
  • Spawn Location: 11:00

VOD

Have the link to the VOD?

Description

Time

  • Played on: June 22, 2020, 6:38 p.m.
  • Length: 10:40
Show
View Real Time Build Order
Export as new Build Order

MrFercho Zerg 

Build Orders: Pool First 

Get SALT Encoding   

  12  0:01  Drone  
  13  0:13  Overlord  
  13  0:18  Drone  
  14  0:31  Drone x2  
  16  0:44  Drone  
  17  1:00  Drone  
  18  1:12  Spawning Pool  
  17  1:37  Drone x3  
  20  1:48  Hatchery  
  19  1:56  Extractor  
  19  2:00  Zergling x4  
  20  2:08  Queen  
  22  2:36  Zergling x4  
  22  2:54  Spine Crawler  
  22  2:55  Spine Crawler  
  20  3:04  Zergling x2  
  20  3:05  Zergling x4  
  23  3:35  Drone x4  
  23  3:40  Drone x2  
  27  3:45  Overlord  
  25  4:07  Zergling x6  
  27  4:20  Extractor, Zergling x2  
  27  4:42  Drone x3  
  28  5:01  Metabolic Boost  
  28  5:09  Drone  
  28  5:10  Drone x2  
  28  5:12  Drone x2  
  32  5:31  Zergling x2  
  31  6:04  Zergling x10  
  36  6:15  Spore Crawler  
  31  6:54  Drone x3  
  31  6:59  Extractor  
  32  7:03  Extractor  
  31  7:13  Lair  
  31  7:17  Drone x2  
  31  7:18  Queen  
  35  7:34  Hatchery  
  35  7:36  Hatchery  
  33  7:41  Drone x2  
  35  7:52  Spine Crawler  
  34  8:04  Spore Crawler  
  33  8:10  Zergling x4  
  33  8:11  Zergling x2  
  36  8:16  Overlord x4  
  36  8:17  Overlord x2  
  36  8:34  Spine Crawler  
  35  8:39  Baneling Nest  
  34  8:55  Drone x5  
  36  9:15  Zergling x10  
  36  9:16  Zergling x14  
  46  9:33  Spire  
  46  9:36  Baneling x2  
  46  9:37  Baneling x22  
  45  9:51  Zergling x2  
  45  9:52  Zergling x4  
Show
View Real Time Build Order
Export as new Build Order

TATORREA Protoss 

Build Orders:  

Get SALT Encoding   

  12  0:01  Probe  
  13  0:13  Probe  
  14  0:25  Probe  
  14  0:27  Pylon  
  15  0:45  Probe  
  15  0:47  Gateway  
  16  0:57  Probe  
  17  1:10  Probe  
  18  1:21  Probe  
  19  1:29  Probe  
  19  1:31  Zealot  
  19  1:37  Probe  
  23  1:52  Assimilator  
  23  2:04  Pylon  
  23  2:07  Pylon  
  23  2:22  Probe, Zealot  
  26  2:34  Probe  
  22  2:45  Gateway  
  22  2:47  Cybernetics Core  
  22  2:49  Zealot  
  22  2:50  Pylon  
  22  2:51  Probe  
  24  2:54  Assimilator  
  25  2:59  Probe  
  24  3:16  Zealot  
  24  3:19  Probe  
  27  3:33  Probe  
  28  3:44  Nexus  
  28  3:45  Pylon, Probe  
  29  3:48  Pylon  
  29  3:54  Robotics Facility  
  29  3:57  Probe  
  29  4:00  Stalker  
  32  4:09  Probe  
  33  4:15  Warp Gate  
  33  4:21  Probe  
  33  4:24  Stalker  
  36  4:35  Probe  
  37  4:47  Probe  
  37  4:52  Immortal  
  40  4:55  Stalker  
  40  4:59  Probe  
  39  5:07  Forge  
  39  5:10  Probe  
  39  5:11  Gateway, Probe  
  39  5:13  Gateway  
  41  5:15  Gateway  
  41  5:17  Robotics Facility  
  41  5:29  Protoss Ground Weapons Level 1  
  41  5:31  Immortal  
  41  5:55  Probe  
  38  6:01  Assimilator  
  38  6:02  Probe  
  39  6:05  Assimilator  
  39  6:08  Probe  
  39  6:11  Observer  
  41  6:14  Probe  
  42  6:20  Probe  
  43  6:26  Stalker x2  
  43  6:27  Stalker  
  43  6:28  Stalker  
  43  6:30  Probe  
  43  6:32  Probe  
  52  7:00  Stalker x2  
  52  7:01  Stalker x2  
  54  7:03  Immortal  
  36  7:35  Stalker x3  
  36  7:36  Stalker  
  44  7:42  Immortal  
  23  8:21  Stalker x2  
  21  8:40  Observer  
Show
View Real Time Build Order
Export as new Build Order

tigro Terran 

Build Orders:  

Get SALT Encoding   

  12  0:03  SCV  
  13  0:15  SCV  
  14  0:27  Supply Depot, SCV  
  15  0:37  Refinery  
  15  0:49  SCV  
  16  0:52  Barracks  
  16  1:30  SCV  
  17  1:42  SCV  
  18  1:48  Marine  
  19  1:54  Barracks, SCV  
  20  2:06  Marine, SCV  
  22  2:10  Refinery  
  22  2:18  SCV  
  23  2:43  Supply Depot  
  23  2:44  Marine  
  23  2:49  Barracks Reactor  
  22  2:58  SCV  
  22  3:04  Marine  
  24  3:10  SCV  
  25  3:19  Factory  
  22  3:35  Barracks Tech Lab  
  22  3:37  Marine  
  22  3:38  Marine  
  24  3:42  SCV  
  25  3:54  SCV  
  25  3:55  Marine  
  26  3:56  Marine  
  26  3:59  Combat Shield, Engineering Bay  
  28  4:07  Factory Tech Lab  
  28  4:13  Marine x2  
  30  4:23  Starport  
  30  4:31  Marine x2  
  27  4:33  Marine  
  30  4:49  Marine  
  30  4:51  Orbital Command  
  31  5:04  Supply Depot  
  31  5:12  Marine x2  
  31  5:14  Marine  
  31  5:18  Stimpack  
  29  5:23  Medivac  
  29  5:26  Siege Tank  
  34  5:30  Marine x2  
  34  5:32  Marine  
  32  5:47  Marine  
  32  5:48  Marine  
  34  5:50  Marine  
  34  5:58  Siege Tank  
  35  6:05  Marine  
  35  6:06  Marine  
  35  6:08  Marine  
  32  6:23  Marine x2  
  34  6:25  Marine  
  34  6:30  Siege Tank  
  38  6:41  Marine  
  38  6:43  Marine  
  39  6:57  Concussive Shells  
  39  7:04  Marine  
  39  7:06  Marine  
  39  7:12  Marine  
  39  7:15  Siege Tank  
  39  7:22  Marine  
  32  7:59  Medivac  
  32  8:04  Siege Tank  
  30  8:39  Supply Depot  
  30  9:02  Supply Depot  
  25  9:23  Siege Tank  
Show
View Real Time Build Order
Export as new Build Order

velcroktty Protoss - Winner!

Build Orders:  

Get SALT Encoding   

  12  0:04  Probe  
  13  0:17  Pylon  
  13  0:28  Probe  
  14  0:36  Probe  
  14  0:40  Gateway  
  15  0:46  Probe  
  15  0:49  Assimilator  
  16  0:58  Probe  
  16  1:03  Pylon  
  17  1:05  Assimilator  
  17  1:20  Forge  
  17  1:21  Probe  
  18  1:33  Probe  
  19  1:44  Pylon  
  19  1:54  Pylon  
  19  2:05  Photon Cannon  
  19  2:07  Photon Cannon  
  19  2:10  Pylon  
  19  2:29  Photon Cannon  
  19  2:41  Photon Cannon  
  19  2:56  Protoss Ground Weapons Level 1  
  19  3:01  Cybernetics Core  
  19  3:04  Gateway  
  19  3:06  Gateway  
  19  3:10  Warp Gate  
  19  3:31  Probe  
  20  3:35  Pylon  
  20  3:43  Probe  
  21  3:55  Probe  
  22  4:06  Photon Cannon  
  22  4:07  Probe  
  23  4:20  Nexus  
  23  4:44  Gateway  
  23  4:48  Pylon  
  23  5:06  Stalker x3  
  29  5:14  Assimilator  
  29  5:17  Pylon  
  29  5:31  Stalker x2  
  33  5:38  Stalker  
  35  5:51  Probe  
  35  5:53  Twilight Council  
  36  5:59  Probe  
  37  6:09  Probe  
  37  6:12  Stalker  
  37  6:16  Stalker  
  42  6:21  Probe  
  42  6:23  Stalker  
  45  6:29  Stalker  
  31  7:15  Protoss Shields Level 1  
  27  7:23  Dark Shrine  
  27  7:25  Gateway  
  27  7:26  Probe  
  27  7:34  Probe  
  28  7:37  Assimilator  
  28  7:40  Pylon  
  29  7:44  Probe  
  29  7:49  Nexus  
  30  7:56  Probe  
  30  7:57  Stalker x2  
  30  7:58  Stalker  
  37  8:06  Stalker, Probe  
  40  8:14  Probe  
  40  8:15  Probe  
  42  8:23  Probe x2  
  43  8:33  Probe  
  44  8:35  Probe  
  44  8:37  Shadow Stride  
  46  8:47  Probe  
  47  8:49  Dark Templar x2  
  51  9:43  Dark Templar  
  51  9:44  Dark Templar x4  
Show
View Real Time Build Order
Export as new Build Order

BaronVonBon Protoss - Winner!

Build Orders: Chargelot Immortal, Dark Templar Rush 

Get SALT Encoding   

  12  0:01  Probe  
  13  0:21  Probe  
  13  0:25  Pylon  
  14  0:33  Probe  
  15  0:44  Probe  
  15  0:47  Gateway  
  16  0:52  Probe  
  17  1:00  Probe  
  17  1:02  Assimilator  
  18  1:12  Probe  
  19  1:24  Probe  
  20  1:36  Probe  
  20  1:37  Gateway, Cybernetics Core  
  21  1:48  Probe  
  21  1:49  Assimilator  
  22  2:00  Probe  
  23  2:03  Pylon  
  23  2:07  Warp Gate  
  23  2:11  Gateway  
  23  2:21  Probe  
  24  2:28  Twilight Council  
  24  2:30  Pylon  
  24  2:35  Stalker  
  26  2:43  Stalker  
  28  3:00  Gateway  
  28  3:05  Shield Battery  
  28  3:16  Dark Shrine  
  28  3:23  Forge  
  28  3:50  Nexus  
  28  4:15  Stalker x2  
  28  4:16  Stalker  
  34  4:25  Stalker  
  36  4:39  Dark Templar  
  38  4:49  Shield Battery  
  38  4:53  Photon Cannon  
  38  5:10  Robotics Facility  
  38  5:25  Probe  
  38  5:33  Probe x2  
  40  5:36  Assimilator  
  40  5:40  Assimilator  
  39  5:43  Probe  
  39  5:45  Probe  
  39  5:55  Probe  
  38  5:57  Probe  
  39  6:07  Probe  
  34  6:29  Stalker x2  
  34  6:30  Stalker x2  
  34  6:32  Immortal  
  46  6:36  Probe  
  46  6:37  Probe  
  46  6:44  Probe  
  46  6:54  Probe  
  48  7:01  Dark Templar  
  48  7:04  Charge  
  48  7:06  Probe  
  48  7:08  Dark Templar  
  53  7:11  Observer  
  54  7:35  Pylon  
  54  7:37  Pylon  
  54  7:53  Immortal, Probe  
  55  8:05  Probe  
  54  8:17  Probe  
  55  8:21  Zealot x2  
  55  8:22  Zealot x2  
  63  8:29  Probe  
  68  8:41  Immortal, Probe  
  69  8:49  Pylon  
  69  8:50  Pylon  
  69  8:51  Pylon  
  69  8:55  Nexus  
  69  8:58  Assimilator  
  69  9:02  Assimilator  
  69  9:05  Dark Templar  
  69  9:07  Pylon  
  69  9:10  Zealot x2  
  69  9:11  Zealot  
  75  9:18  Gateway x2  
  75  9:27  Immortal  
  75  9:28  Stargate  
  79  9:43  Pylon  
  79  9:51  Stalker  
  79  9:52  Zealot  
  83  9:55  Zealot  
  79  10:14  Zealot  
  79  10:18  Zealot  
Show
View Real Time Build Order
Export as new Build Order

ANGEL Protoss - Winner!

Build Orders:  

Get SALT Encoding   

  12  0:01  Probe  
  13  0:09  Probe  
  14  0:22  Probe  
  15  0:52  Pylon  
  15  1:12  Gateway x2  
  15  1:24  Pylon  
  15  1:42  Forge  
  16  2:01  Zealot x2  
  18  2:10  Pylon  
  17  2:17  Probe  
  18  2:25  Probe  
  19  2:36  Zealot  
  19  3:04  Zealot  
  21  3:12  Pylon  
  19  3:31  Zealot  
  21  3:34  Photon Cannon  
  21  3:36  Photon Cannon  
  21  3:39  Zealot  
  21  3:45  Nexus  
  19  3:58  Zealot  
  21  4:06  Zealot  
  21  4:08  Photon Cannon  
  23  4:14  Pylon  
  23  4:25  Zealot  
  23  4:33  Zealot  
  23  4:37  Pylon  
  23  4:52  Zealot  
  25  5:00  Zealot  
  25  5:01  Photon Cannon  
  23  5:16  Photon Cannon  
  23  5:19  Zealot  
  21  5:27  Photon Cannon, Zealot  
  21  5:47  Pylon  
  19  5:53  Probe  
  20  6:01  Probe  
  20  6:10  Probe  
  19  6:15  Photon Cannon  
  18  6:23  Pylon, Probe  
  19  6:35  Probe  
  20  6:43  Photon Cannon  
  20  6:44  Photon Cannon  
  20  6:45  Photon Cannon  
  20  6:48  Photon Cannon  
  20  6:52  Pylon  
  20  7:01  Photon Cannon  
  20  7:08  Pylon  
  20  7:17  Photon Cannon  
  20  7:19  Photon Cannon  
  20  7:33  Photon Cannon  
  20  7:38  Photon Cannon  
  20  7:44  Pylon  
  20  8:00  Photon Cannon  
  20  8:04  Pylon  
  20  8:06  Probe  
  21  8:14  Probe  
  22  8:24  Probe  
  23  8:30  Photon Cannon  
  22  8:36  Probe  
  23  8:48  Probe  
  24  8:52  Nexus  
  24  9:06  Pylon  
  24  9:08  Pylon  
  24  9:11  Pylon  
  24  9:28  Photon Cannon  
  24  9:29  Photon Cannon  
  24  9:30  Photon Cannon  
  24  9:33  Photon Cannon  
  24  9:44  Photon Cannon  
  24  9:45  Photon Cannon  
  24  9:57  Photon Cannon  
Tags
 
Add a new tag
Caveats
  • Supply blocks, unpowered buildings, or Contaminate may cause inaccurate times.
  • Supply counts are checked every 10 seconds.